 Dungeon Crawl Stone Soup version 0.20-a0-507-gc86f373 (webtiles) character file.

1022 LordMavious the Skirmisher (level 8, -1/49 HPs)
             Began as a Gargoyle Berserker on Jan 21, 2017.
             Was a Priest of Trog.
             Killed from afar by an electric eel (2 damage)
             ... with a bolt of electricity
             ... on level 5 of the Dungeon.
             The game lasted 00:49:11 (6141 turns).

LordMavious the Skirmisher (Gargoyle Berserker)     Turns: 6141, Time: 00:49:11

Health: -1/49      AC: 14    Str: 22    XL:     8   Next: 22%
Magic:  8/8        EV: 14    Int:  9    God:    Trog [***...]
Gold:   22         SH:  0    Dex:  9    Spells: 7/7 levels left

rFire    . . .     SeeInvis .   K - +0 trident
rCold    . . .     Gourm    .   H - +0 scale mail
rNeg     + . .     Faith    .   (no shield)
rPois    ∞         Spirit   .   (no helmet)
rElec    +         Reflect  .   (no cloak)
rCorr    .         Harm     .   e - +0 pair of gloves
MR       +....                  g - +0 pair of boots
Stlth    ..........             (no amulet)
Regen    0.2/turn               h - +3 ring of evasion
                                n - ring of protection from magic

@: about to teleport
A: negative energy resistance 1, electricity resistance, unbreathing,
petrification resistance, rot immunity, AC +5
a: Berserk, Trog's Hand, Burn Spellbooks, Renounce Religion


You were on level 5 of the Dungeon.
You worshipped Trog.
Trog was most pleased with you.
You were very full.

You visited 1 branch of the dungeon, and saw 5 of its levels.

You collected 214 gold pieces.
You spent 192 gold pieces at shops.

Inventory:

Hand Weapons
 a - a +0 mace
 l - a +1 dagger of flaming
 A - a +0 shortbow
 B - a +2 dagger of draining
 I - a +3 hand axe
 J - a +0 shortbow
 K - a +0 trident (weapon)
Missiles
 w - 6 tomahawks
 z - a throwing net
 E - 36 stones (quivered)
Armour
 e - a +0 pair of gloves (worn)
 g - a +0 pair of boots (worn)
 s - a +1 scale mail of poison resistance
 H - a +0 scale mail (worn)
Jewellery
 h - a +3 ring of evasion (right hand)
 n - a ring of protection from magic (left hand)
 F - an uncursed ring of poison resistance
Wands
 v - a wand of lightning (15/15)
Scrolls
 j - a scroll of magic mapping
 r - 4 scrolls of amnesia
 y - a scroll of noise
 C - a scroll of remove curse
Potions
 m - a potion of agility {unknown}
 o - 2 potions of lignification
 G - a potion of brilliance
Comestibles
 c - 3 bread rations
 f - 2 royal jellies
 t - 5 fruits
 u - 3 meat rations


   Skills:
 + Level 5.2 Fighting
 + Level 2.9 Short Blades
 + Level 3.9 Maces & Flails
 + Level 4.0 Polearms
 + Level 4.3 Armour
 + Level 3.7 Dodging
 + Level 1.3 Stealth


You had 7 spell levels left.
You didn't know any spells.

Dungeon Overview and Level Annotations

Branches:
Dungeon (5/15)             Temple (0/1) D:5

Altars:
Ashenzari
Elyvilon
Fedhas
Nemelex Xobeh
Qazlal
Trog
The Shining One

Shops:
D:5 [*(


Innate Abilities, Weirdness & Mutations

You are resistant to torment.
Your stone body is resilient. (AC +5)
You are immune to poison.
You resist negative energy. (rN+)
You are resistant to electric shocks. (rElec)
You can survive without breathing.
You are immune to petrification.
You are immune to rotting.


Message History

[Y]es or [N]o only, please.
Really abort (and waste the scroll)? [Y]es or [N]o only, please.
Really abort (and waste the scroll)? [Y]es or [N]o only, please.
Really abort (and waste the scroll)?
Charge which item? (? for menu, Esc to quit)
Your wand of lightning (9/15) glows for a moment and now has 15 charges.
The electric eel shoots out a bolt of lightning at you!
The bolt of electricity hits you! You resist.
* * * LOW HITPOINT WARNING * * *
The bolt of electricity hits the plant.
The electric eel shoots out a bolt of lightning at you!
The bolt of electricity hits you! You resist.
* * * LOW HITPOINT WARNING * * *
You enter the shallow water.
Moving in this stuff is going to be slow.
The electric eel shoots out a bolt of lightning at you!
The bolt of electricity hits you! You resist.
You die...

##
#≈#...≈≈≈≈≈#.#...####.##..
.###
#≈#......[≈#.#......#.#...
...#
#.#'...≈)≈≈#.#...##.......
......
#..#.....≈##≈##..####.##..
..### ##.##########≈####
#.###. ## #≈≈##.(.≈.≈##≈#
#..... ##≈#...PP(≈≈#.#
#..... #≈#....((;≈#.#
#####. ###.#'..≈@?;≈#.# #)
#.#..#..≈.[;##'## #)
#.##.########...# #.
########.#### .#
##.##########.
.....<......# .#
#..........<..
.#######.##.# .#
#.##########.. .# #.##.#
.# #.# ##.. .# #.##.##.+
#.# #... ## #.......# ...
##..


You could see 3 electric eels.

Vanquished Creatures
  An ogre (D:4)
  2 centaurs
  2 scorpions (D:5)
  3 electric eels (D:5)
  A howler monkey (D:5)
  2 crimson imps (D:5)
  2 orc priests (D:4)
  A hound (D:5)
  2 orc wizards
  A centaur skeleton (D:5)
  A worker ant (D:4)
  A killer bee zombie (D:5)
  A hound zombie (D:5)
  2 hound skeletons (D:5)
  A worker ant zombie (D:5)
  7 adders
  A gnoll (D:1)
  2 shadow imps (D:5)
  An ooze (D:3)
  3 worms
  3 dart slugs (D:2)
  3 leopard geckos
  7 orcs
  7 bats
  4 giant cockroaches
  5 goblins
  12 hobgoblins
  7 jackals
  7 kobolds
  A quokka (D:5)
  2 ball pythons
  4 frilled lizards
  7 rats
  A plant (D:5)
107 creatures vanquished.

Vanquished Creatures (others)
  4 plants (D:5)
4 creatures vanquished.

Grand Total: 111 creatures vanquished

Notes
Turn   | Place    | Note
-------+----------+-------------------------------------------
     0 | D:1      | LordMavious the Gargoyle Berserker began the quest for the Orb.
     0 | D:1      | Reached XP level 1. HP: 14/14 MP: 1/1
   320 | D:1      | Reached XP level 2. HP: 19/19 MP: 2/2
   879 | D:1      | Reached XP level 3. HP: 21/24 MP: 3/3
  1485 | D:2      | Found a sparkling altar of Nemelex Xobeh.
  1486 | D:2      | Found a glowing golden altar of the Shining One.
  1493 | D:2      | Found a shattered altar of Ashenzari.
  1493 | D:2      | Found a stormy altar of Qazlal.
  1548 | D:2      | Found a sparkling altar of Nemelex Xobeh.
  1591 | D:2      | Reached ** piety under Trog
  1651 | D:2      | Reached XP level 4. HP: 29/29 MP: 4/4
  1736 | D:2      | Found a white marble altar of Elyvilon.
  2025 | D:2      | Reached skill level 4 in Fighting
  2891 | D:3      | Reached XP level 5. HP: 30/33 MP: 5/5
  2909 | D:3      | Found a blossoming altar of Fedhas.
  3028 | D:3      | Found a bloodstained altar of Trog.
  3349 | D:4      | Reached skill level 1 in Short Blades
  3502 | D:4      | Noticed a centaur
  3524 | D:4      | Killed a centaur
  3524 | D:4      | Reached XP level 6. HP: 31/38 MP: 6/6
  3622 | D:4      | Reached *** piety under Trog
  3626 | D:4      | HP: 1/38 [orc priest/divine providence (14)]
  4112 | D:4      | Reached skill level 1 in Polearms
  4112 | D:4      | Reached XP level 7. HP: 37/44 MP: 7/7
  4187 | D:5      | Entered Level 5 of the Dungeon
  4400 | D:5      | Reached skill level 1 in Stealth
  4470 | D:5      | Found Juelum's Antique Armour Boutique.
  4507 | D:5      | Found Qaschya's General Store.
  4542 | D:5      | Bought a potion of curing for 36 gold pieces
  4542 | D:5      | Bought a wand of lightning (9/15) for 156 gold pieces
  4638 | D:5      | Reached skill level 5 in Fighting
  4765 | D:5      | Found a staircase to the Ecumenical Temple.
  4765 | D:5      | Found Ujeck's Weapon Shoppe.
  5022 | D:5      | Reached XP level 8. HP: 49/49 MP: 8/8
  6140 | D:5      | HP: 1/49 [electric eel/bolt of electricity (3)]
  6141 | D:5      | Killed from afar by an electric eel

Vault maps used:
D:1:      sevenhm_arrival_forest_fort_small_5, minivault_11,
          hangedman_decor_growths
D:2:      lemuel_doored_altar, grunt_temple_overflow_open,
          nemelex_spade_bored_becter
D:3:      lightli_temple_of_fire, kennysheep_small_spiral, fedhas_altar_3
D:4:      first_bread
D:5:      cheibrodos_two_vegetables, serial_shops, kennysheep_mini,
          nicolae_shop_overgrown_old_shop, nicolae_shop_window_shopping, shop

Skill      XL: |  1  2  3  4  5  6  7  8 |
---------------+-------------------------+-----
Dodging        | 2 3 |  3.7
Fighting       | 4 5 |  5.2
Short Blades   | 1 2 |  2.9
Armour         | 3 4 |  4.3
Polearms       | 1 3 4 |  4.0
Stealth        | 1 |  1.3
Maces & Flails | |  3.9

Action                   |  1- 3 |  4- 6 |  7- 9 || total
-------------------------+-------+-------+-------++-------
Melee: Mace              |    92 |     6 |       ||    98
       Dagger            |       |   162 |       ||   162
       Trident           |       |    75 |   234 ||   309
Throw: Stone             |     3 |     6 |    56 ||    65
       Tomahawk          |       |     2 |     2 ||     4
Invok: Berserk           |       |       |     1 ||     1
  Use: Scroll            |     2 |     7 |     3 ||    12
       Potion            |     2 |     4 |     4 ||    10
 Stab: Sleeping          |     1 |       |       ||     1
  Eat: Bread ration      |     1 |     2 |     1 ||     4
       Chunk             |       |     3 |       ||     3
       Fruit             |       |     3 |       ||     3
       Royal jelly       |       |     1 |       ||     1
       Meat ration       |       |       |     1 ||     1
Armor: Animal skin       |     7 |       |       ||     7
       Leather armour    |     4 |       |       ||     4
       Ring mail         |    49 |    45 |       ||    94
       Scale mail        |       |    88 |    82 ||   170
Dodge: Dodged            |    82 |   149 |   132 ||   363
